 Dungeon Sprint DCSS version 0.22.1-1-ga44c0e56f4 (webtiles) character file.

333 MuseOD the Covert (level 6, -1/35 HPs)
             Began as a Spriggan Enchanter on Sept 21, 2018.
             Slain by a hippogriff (5 damage)
             ... in the Dungeon (Sprint II: "The Violet Keep of Menkaure").
             The game lasted 00:00:37 (95 turns).

MuseOD the Covert (Spriggan Enchanter)                Turns: 95, Time: 00:00:37

Health: -1/35      AC:  2    Str:  4    XL:     6   Next: 27%
Magic:  10/13      EV: 18    Int: 18    God:
Gold:   243        SH:  0    Dex: 17    Spells: 8/14 levels left

rFire    . . .     SeeInvis +   a - +1 dagger
rCold    . . .     Gourm    .   (shield restricted)
rNeg     . . .     Faith    .   b - +0 robe
rPois    .         Spirit   .   (helmet restricted)
rElec    .         Reflect  .   (no cloak)
rCorr    .         Harm     .   (gloves unavailable)
MR       +....     NoTele   +   (boots unavailable)
Stlth    +++++.....             (no amulet)
HPRegen  0.11/turn              (no ring)
MPRegen  0.13/turn              (no ring)

@: very quick
A: very small, unfitting armour, see invisible, herbivore, speed 3, slow
metabolism 2
a: no special abilities


You were in the Dungeon.
You were not hungry.

You visited 1 branch You collected 243 gold pieces.

Inventory:

Hand Weapons
 a - a +1 dagger (weapon)
Armour
 b - a +0 robe (worn)
Scrolls
 j - a scroll of blinking
Potions
 e - a potion of curing
 f - a potion of heal wounds
 g - a potion of haste
 h - 2 potions of magic
Comestibles
 d - a ration


   Skills:
 - Level 4.9 Fighting
 - Level 9.5 Short Blades
 - Level 3.0 Dodging
 + Level 11.3 Stealth
 + Level 4.5 Spellcasting
 + Level 5.1 Hexes


You had 8 spell levels left.
You knew the following spells:

 Your Spells              Type           Power        Failure   Level  Hunger
a - Corona                Hex            ###....      1%          1    None
b - Ensorcelled Hibernat  Hex/Ice        ##....       8%          2    #......
c - Confuse               Hex            ###.....     4%          3    ###....

Your spell library contained the following spells:

 Spells                   Type           Power        Failure   Level  Hunger
 Tukima's Dance           Hex            ###.....     4%          3    ###....
 Dazzling Spray           Conj/Hex       ##....       14%         3    ###....


Dungeon Overview and Level Annotations

Branches:
Dungeon (1/1)

Altars:


Innate Abilities, Weirdness & Mutations

You are very small and have problems with some larger weapons.
You are too small for most types of armour.
You have supernaturally acute eyesight. (SInv)
You are a herbivore.
You cover ground extremely quickly.
You need to consume almost no food.


Message History

There is an open door here.
You hit the hippogriff.
The hippogriff is lightly wounded.
The hippogriff barely misses you. The hippogriff pecks you.
The hippogriff claws you.
You hit the hippogriff but do no damage.
The hippogriff is lightly wounded.
The hippogriff bites you!
* * * LOW HITPOINT WARNING * * *
The hippogriff pecks you.
* * * LOW HITPOINT WARNING * * *
The hippogriff misses you.
You recover from your berserk rage.
Cast which spell? (? or * to list)
Aiming: Confuse (safe; 4% risk of failure)
Press: ? - help, Shift-Dir - straight line, f - hippogriff
Aim: a hippogriff (lightly wounded, chance to defeat MR: 48%)
The hippogriff resists with some effort.
The hippogriff bites you.
You die...

## ## #.# #.#
####H#$#
##.###H#
#..†##@####
+.##†.<.+$#
#...##.##.w.#
##.###+# w##
### #


You could see 2 hippogriffs.

Vanquished Creatures
  4 necrophages (D)
4 creatures vanquished.

Notes
Turn   | Place    | Note
-------+----------+-------------------------------------------
     0 | D        | MuseOD the Spriggan Enchanter began the quest for the Orb.
     0 | D        | Reached XP level 1. HP: 9/9 MP: 5/5
     4 | D        | Noticed a hippogriff
     4 | D        | Noticed a hippogriff
     7 | D        | Noticed a necrophage
     7 | D        | Noticed a necrophage
     7 | D        | Noticed a necrophage
     7 | D        | Noticed a necrophage
    18 | D        | Killed a necrophage
    18 | D        | Reached skill level 7 in Stealth
    18 | D        | Reached XP level 2. HP: 13/16 MP: 6/6
    18 | D        | Reached XP level 3. HP: 17/20 MP: 8/8
    18 | D        | Reached XP level 4. HP: 20/24 MP: 9/9
    25 | D        | Killed a necrophage
    25 | D        | Reached skill level 9 in Stealth
    25 | D        | Reached XP level 5. HP: 16/29 MP: 10/10
    33 | D        | Killed a necrophage
    33 | D        | Reached skill level 10 in Stealth
    37 | D        | Killed a necrophage
    37 | D        | Reached skill level 11 in Stealth
    37 | D        | Reached skill level 5 in Hexes
    37 | D        | Reached XP level 6. HP: 21/35 MP: 10/13
    77 | D        | Learned a level 2 spell: Ensorcelled Hibernation
    81 | D        | Learned a level 3 spell: Confuse
    95 | D        | Slain by a hippogriff

Skill      XL: |  1  2  3  4  5 |
---------------+----------------+-----
Fighting       | 3 4 |  4.9
Short Blades   | 6 8 9 |  9.5
Stealth        | 7 9 11 | 11.3
Spellcasting   | 4 |  4.5
Hexes          | 5 |  5.1
Dodging        | |  3.0

Action                   |  1- 3 |  4- 6 || total
-------------------------+-------+-------++-------
Melee: Dagger            |     6 |    19 ||    25
 Cast: Confuse           |       |     1 ||     1
  Use: Potion            |     1 |       ||     1
 Stab: Sleeping          |     1 |       ||     1
Dodge: Dodged            |     3 |     6 ||     9
